[Event "Titled Tuesday Blitz August 31 2021"]
[White "Kuzubov, Yuriy"]
[Black "Pulpan, Jakub"]
[WhiteFideId "14112906"]
[BlackFideId "302759"]
[WhiteElo "2564"]
[BlackElo "2443"]
[Result "1/2-1/2"]
[Round "04"]
[TimeControl "180+1"]
[Date "2021.08.31"]
[WhiteClock "0:00:17"]
[BlackClock "0:01:54"]

1. d4 Nf6 2. Nf3 d5 3. c4 e6 4. Nc3 c5 5. cxd5 Nxd5 6. e3 a6 7. Bd3 b5 8. O-O Bb7 9. a4 c4 10. Be2 Nd7 11. axb5 Nxc3 12. bxc3 axb5 13. Rb1 Ra5 14. Nd2 Qa8 15. Bf3 Bxf3 16. Nxf3 Bd6 17. Re1 Nf6 18. Nd2 Ne4 19. Qc2 Nxd2 20. Bxd2 O-O 21. e4 Qc6 22. h4 h6 23. Be3 Rfa8 24. h5 Ra2 25. Rb2 Rxb2 26. Qxb2 Qxe4 27. Qxb5 Qd5 28. Qxd5 exd5 29. Rb1 Ra3 30. Bd2 Rb3 31. Ra1 Rb2 32. Be1 Bf4 33. Kf1 Rc2 34. Ra5 Bd2 35. Bxd2 Rxd2 36. Rxd5 Rd3 37. Rd8+ Kh7 38. d5 Rxc3 39. d6 Rd3 40. Ke2 Rd5 41. Rc8 1/2-1/2


[Site "https://www.chess.com"]

[Event "Titled Tuesday Blitz August 31 2021"]
[White "Le, Tuan Minh"]
[Black "Murzin, Volodar"]
[WhiteFideId "12401153"]
[BlackFideId "44155573"]
[WhiteElo "2450"]
[BlackElo "2541"]
[Result "1-0"]
[Round "04"]
[TimeControl "180+1"]
[Date "2021.08.31"]
[WhiteClock "0:00:14"]
[BlackClock "0:00:01"]

1. d4 d5 2. Nf3 Nf6 3. Bf4 c5 4. c3 Nc6 5. e3 Bf5 6. Qb3 Qc8 7. dxc5 e6 8. Nd4 Bxb1 9. Rxb1 Bxc5 10. Bg3 O-O 11. Bd3 Re8 12. O-O e5 13. Nxc6 bxc6 14. c4 e4 15. Be2 d4 16. exd4 Bxd4 17. Kh1 c5 18. Qc2 a5 19. b3 Ra6 20. a3 Rb6 21. Qd2 e3 22. Qxa5 Ra6 23. Qb5 Ne4 24. Bg4 Qa8 25. Bf3 Rf6 26. Bxe4 Qxe4 27. fxe3 Rxf1+ 28. Rxf1 Qxe3 29. b4 f6 30. Qd7 h6 31. bxc5 Bxc5 32. a4 Kh7 33. Qf5+ Kh8 34. a5 Qe2 35. h3 1-0


[Site "https://www.chess.com"]

[Event "Titled Tuesday Blitz August 31 2021"]
[White "Levitskiy, Andrey"]
[Black "Kucuksari, Kaan"]
[WhiteFideId "14132885"]
[BlackFideId "6380166"]
[WhiteElo "2340"]
[BlackElo "2300"]
[Result "1/2-1/2"]
[Round "04"]
[TimeControl "180+1"]
[Date "2021.08.31"]
[WhiteClock "0:00:13"]
[BlackClock "0:00:11"]

1. e4 c6 2. Nf3 d5 3. exd5 cxd5 4. Ne5 Nc6 5. d4 Nf6 6. Bb5 Bd7 7. Nxd7 Qxd7 8. c3 a6 9. Bd3 e6 10. O-O Bd6 11. Re1 O-O 12. Nd2 Rae8 13. Nf3 e5 14. dxe5 Nxe5 15. Bg5 Nfg4 16. h3 Nxf3+ 17. Qxf3 Ne5 18. Qd1 Nxd3 19. Qxd3 Re6 20. Kf1 Bb8 21. Rad1 Rfe8 22. Rxe6 Qxe6 23. Be3 Rd8 24. Qd4 Be5 25. Qc5 Qc6 26. Qe7 Re8 27. Qb4 Bd6 28. Qb3 Bf8 29. Qxd5 Qc8 30. c4 h6 31. b3 Qb8 32. Kg1 Qc8 33. Qd7 Qb8 34. c5 Qa8 35. b4 Qb8 36. a4 Qa8 37. b5 axb5 38. axb5 Qa4 39. Qd3 g6 40. Rc1 Rc8 41. Qc4 Qa8 42. c6 bxc6 43. bxc6 Bd6 44. Bxh6 Qa3 45. Qc3 Qxc3 46. Rxc3 f6 47. Be3 Kf7 48. g3 Ke6 49. h4 Kd5 50. Kg2 Rxc6 51. Rd3+ Ke4 52. Rd4+ Ke5 53. Rd2 Ke6 54. Re2 Be5 55. f4 Bd6 56. Kf3 Kf7 57. g4 f5 58. g5 Rc3 59. Kf2 Rc4 60. Kf3 Re4 61. Rd2 Be7 62. Rd7 Re6 63. Bc5 Ke8 64. Rxe7+ Rxe7 65. Bxe7 Kxe7 66. Ke3 Kd7 67. Kd4 Kd6 68. Kc4 Kc6 69. Kd4 Kd6 70. Kc4 Kc6 71. Kd3 Kd5 72. Ke3 Ke6 73. Kf3 Kf7 74. Kg3 Kg7 75. Kh3 Kh7 76. Kg2 Kg7 77. Kf3 Kf7 78. Ke3 Ke7 79. Kd3 Kd7 80. Kd4 Kd6 1/2-1/2


[Site "https://www.chess.com"]

[Event "Titled Tuesday Blitz August 31 2021"]
[White "Lisik, Valery"]
[Black "Krzywda, Andrzej"]
[WhiteFideId "4101596"]
[BlackFideId "1114565"]
[WhiteElo "2592"]
[BlackElo "2100"]
[Result "0-1"]
[Round "04"]
[TimeControl "180+1"]
[Date "2021.08.31"]
[WhiteClock "0:00:18"]
[BlackClock "0:00:09"]

1. d4 Nf6 2. c4 c5 3. d5 b5 4. cxb5 a6 5. e3 g6 6. Nc3 Bg7 7. a4 O-O 8. e4 e6 9. Nf3 exd5 10. exd5 Qe7+ 11. Be2 Bb7 12. bxa6 Nxa6 13. d6 Qe6 14. O-O Nb4 15. Nb5 Nfd5 16. Bc4 Qf5 17. Re1 Nf4 18. Bxf4 Qxf4 19. Nc7 Qxc4 20. Nxa8 Bxa8 21. Rc1 Qd5 22. Qxd5 Bxd5 23. Red1 c4 24. Rd2 Nd3 25. Rcc2 Rb8 26. Kf1 Nb4 27. Rc1 Ra8 28. Ne1 Rxa4 29. Rcd1 Be6 30. Nf3 Ra2 31. Nd4 Bxd4 32. Rxd4 Rxb2 33. R4d2 c3 34. Rxb2 cxb2 35. Rb1 Nd3 36. Ke2 Ba2 37. Kxd3 Bxb1+ 38. Kc3 Be4 39. Kxb2 Bxg2 40. Kc3 Bc6 41. Kd4 f6 42. Kc5 Kf7 43. Kb6 Ke6 44. Kc7 g5 0-1


[Site "https://www.chess.com"]

[Event "Titled Tuesday Blitz August 31 2021"]
[White "Maghsoodloo, Parham"]
[Black "Real De Azua, Ernesto"]
[WhiteFideId "12539929"]
[BlackFideId "108154"]
[WhiteElo "2601"]
[BlackElo "2476"]
[Result "1-0"]
[Round "04"]
[TimeControl "180+1"]
[Date "2021.08.31"]
[WhiteClock "0:00:54"]
[BlackClock "0:00:03"]

1. e4 e5 2. Nf3 Nc6 3. Bb5 a6 4. Ba4 Nf6 5. O-O Be7 6. Re1 b5 7. Bb3 d6 8. c3 O-O 9. h3 Nb8 10. d4 Nbd7 11. Nbd2 Bb7 12. Bc2 Re8 13. Nf1 Bf8 14. Ng3 g6 15. Bg5 h6 16. Bd2 Bg7 17. Qc1 Kh7 18. a4 Nb6 19. axb5 axb5 20. b3 Nfd7 21. Be3 Rxa1 22. Qxa1 d5 23. dxe5 dxe4 24. Nxe4 Nxe5 25. Nxe5 Bxe5 26. Qc1 Nd5 27. Bxh6 Nxc3 28. Bg5 Qd5 29. Bf6 Kg8 30. Qh6 1-0


[Site "https://www.chess.com"]

[Event "Titled Tuesday Blitz August 31 2021"]
[White "Maksimovic, Bojan"]
[Black "Sjugirov, Sanan"]
[WhiteFideId "14408120"]
[BlackFideId "4189302"]
[WhiteElo "2439"]
[BlackElo "2472"]
[Result "0-1"]
[Round "04"]
[TimeControl "180+1"]
[Date "2021.08.31"]
[WhiteClock "0:00:03"]
[BlackClock "0:00:31"]

1. e4 c5 2. Nf3 Nf6 3. e5 Nd5 4. Nc3 Nxc3 5. dxc3 Nc6 6. Bf4 Qb6 7. Rb1 e6 8. Be2 Qc7 9. Qd2 b6 10. h4 Bb7 11. h5 h6 12. O-O Rg8 13. Qe3 Ne7 14. c4 g5 15. hxg6 Nxg6 16. Bg3 h5 17. Nd2 h4 18. Ne4 Be7 19. Nd6+ Bxd6 20. exd6 Qd8 21. Bh2 Qf6 22. f3 h3 23. g4 Nh4 24. Qe5 Qxe5 25. Bxe5 f5 26. Kh2 Kf7 27. Bg3 Ng2 28. Bd3 f4 29. Bf2 Bxf3 30. Bxc5 bxc5 31. Rxf3 Rxg4 32. Rxh3 Ne3 33. Rh7+ Kf6 34. Rg1 Rag8 35. Rxg4 Nxg4+ 36. Kh3 Nf2+ 37. Kh4 Nxd3 38. cxd3 f3 39. Rh6+ Ke5 40. Rh7 Rf8 41. Rh5+ Kd4 42. Rh8 Rxh8+ 43. Kg3 0-1


[Site "https://www.chess.com"]

[Event "Titled Tuesday Blitz August 31 2021"]
[White "Maly, Alexey"]
[Black "Xiong, Jeffery"]
[WhiteFideId "14103184"]
[BlackFideId "2047640"]
[WhiteElo "2250"]
[BlackElo "2724"]
[Result "0-1"]
[Round "04"]
[TimeControl "180+1"]
[Date "2021.08.31"]
[WhiteClock "0:00:03"]
[BlackClock "0:00:18"]

1. d4 d5 2. c4 e6 3. Nf3 Nf6 4. e3 dxc4 5. Bxc4 c5 6. O-O a6 7. b3 cxd4 8. Nxd4 Bd6 9. Bb2 O-O 10. Nd2 e5 11. N4f3 Nc6 12. h3 Bf5 13. Rc1 h6 14. Qe2 Rc8 15. Rfd1 Qe7 16. Nh4 Bh7 17. Qf3 Nb4 18. Nf5 Bxf5 19. Qxf5 Rcd8 20. a3 Nc6 21. Nf3 Bxa3 22. Bxa3 Qxa3 23. Nxe5 Nxe5 24. Qxe5 b5 25. Bf1 Qxb3 26. Rxd8 Rxd8 27. Qc7 Qd5 28. Qa7 Ra8 29. Qb6 Ne4 30. f3 Qd2 31. Ra1 Qc3 32. Rxa6 Rxa6 33. Qxa6 Qxe3+ 34. Kh2 Qf4+ 35. Kg1 Nd6 36. Qa8+ Kh7 37. Qd5 b4 38. Bd3+ g6 39. Kh1 Kg7 40. Qb3 Qc1+ 41. Kh2 Qc3 42. Qb1 b3 43. f4 b2 44. f5 gxf5 45. Qc1 bxc1=Q 0-1


[Site "https://www.chess.com"]

[Event "Titled Tuesday Blitz August 31 2021"]
[White "Mekhitarian, Krikor Sevag"]
[Black "Nefedov, Sergey"]
[WhiteFideId "2107660"]
[BlackFideId "24113417"]
[WhiteElo "2598"]
[BlackElo "2380"]
[Result "1-0"]
[Round "04"]
[TimeControl "180+1"]
[Date "2021.08.31"]
[WhiteClock "0:00:05"]
[BlackClock "0:00:05"]

1. e4 d5 2. exd5 Qxd5 3. Nc3 Qd8 4. d4 Nf6 5. Nf3 g6 6. Bg5 Bg7 7. Bc4 O-O 8. Qd2 a6 9. Bh6 b5 10. Bb3 Bb7 11. O-O-O Bxf3 12. gxf3 Nbd7 13. h4 Nh5 14. Rdg1 Ndf6 15. Bxg7 Kxg7 16. Ne4 Qd7 17. Nc5 Qf5 18. Qe3 a5 19. c3 a4 20. Bc2 Qf4 21. Nd3 Qd6 22. a3 Nd5 23. Qg5 Ndf4 24. Kb1 Qf6 25. Nc5 Qxg5 26. hxg5 Rfe8 27. Re1 Rad8 28. Re4 c6 29. Rh4 Nd5 30. Nd3 h6 31. f4 e6 32. Bd1 hxg5 33. fxg5 Rh8 34. Bxh5 Rxh5 35. Rxh5 gxh5 36. Rh4 Kg6 37. f4 Kf5 38. Rxh5 Ke4 39. Ne5 Nxf4 40. Rh7 Rg8 41. Nxf7 Kd5 42. Ka2 c5 43. dxc5 Kxc5 44. Rh4 Nd5 45. Re4 Rg7 46. Nd8 Nc7 47. Rxe6 Rg8 48. Rc6+ Kd5 49. Rxc7 Rxd8 50. g6 Kd6 51. Rb7 Kc6 52. Rf7 Rg8 53. g7 Kd6 54. Kb1 Kc6 55. Kc2 Kd6 56. Kd3 Ke6 57. Rb7 Kd6 58. Rxb5 Rxg7 59. Rb4 Ra7 60. c4 Kc5 61. Rb5+ Kc6 62. Kc3 Ra8 63. Kb4 Ra7 64. Rc5+ Kb6 65. Rh5 Kc6 66. Rh6+ Kb7 67. Kb5 1-0


[Site "https://www.chess.com"]

[Event "Titled Tuesday Blitz August 31 2021"]
[White "Milchev, Nikolay"]
[Black "Karthikeyan, Murali"]
[WhiteFideId "2906090"]
[BlackFideId "5074452"]
[WhiteElo "2449"]
[BlackElo "2564"]
[Result "0-1"]
[Round "04"]
[TimeControl "180+1"]
[Date "2021.08.31"]
[WhiteClock "0:00:46"]
[BlackClock "0:00:17"]

1. Nf3 Nf6 2. c4 c5 3. Nc3 Nc6 4. g3 g6 5. Bg2 Bg7 6. O-O h5 7. h4 O-O 8. b3 d5 9. cxd5 Nxd5 10. Bb2 Nc7 11. Rc1 b6 12. Qc2 Bf5 13. d3 Rc8 14. Qb1 Ne6 15. Rfe1 a6 16. Qa1 Bh6 17. Rcd1 Ned4 18. Nxd4 cxd4 19. Ne4 Qd7 20. Bc1 Bg7 21. Ba3 Na7 22. Bb2 Nb5 23. Rc1 Bxe4 24. Bxe4 Nc3 25. Bf3 b5 26. b4 Qd6 27. a3 Rc7 28. e3 Rfc8 29. exd4 Bxd4 30. Kg2 Qf6 31. Rc2 Qf5 32. Be4 Nxe4 33. dxe4 Rxc2 34. Bxd4 Qe6 35. Bc5 Rd8 36. e5 Rd3 37. Re3 Qd5+ 38. Kg1 Rd1+ 39. Re1 Rxa1 40. Rxa1 Rxc5 41. bxc5 Qxc5 42. Re1 Qxa3 43. e6 fxe6 44. Rxe6 Kf7 45. Rb6 b4 46. Kg2 a5 47. Rb7 b3 48. Kf3 b2+ 49. Kf4 Qb4+ 50. Rxb4 axb4 51. Kg5 b1=Q 52. Kh6 Qf5 53. f4 g5 54. Kxh5 g4+ 0-1


[Site "https://www.chess.com"]

[Event "Titled Tuesday Blitz August 31 2021"]
[White "Mirzoev, Azer"]
[Black "Khabinets, Ivan"]
[WhiteFideId "13400304"]
[BlackFideId "14115980"]
[WhiteElo "2525"]
[BlackElo "2114"]
[Result "0-1"]
[Round "04"]
[TimeControl "180+1"]
[Date "2021.08.31"]
[WhiteClock "0:00:04"]
[BlackClock "0:00:26"]

1. d4 Nf6 2. c4 e6 3. Nc3 Bb4 4. Bd2 c5 5. a3 Bxc3 6. Bxc3 Ne4 7. Rc1 Nxc3 8. Rxc3 d6 9. dxc5 dxc5 10. Qxd8+ Kxd8 11. g3 Bd7 12. Bg2 Bc6 13. Nf3 Nd7 14. O-O Ke7 15. b4 Rad8 16. b5 Bxf3 17. Bxf3 b6 18. e3 Ne5 19. Be2 Rd2 20. Re1 h5 21. h3 h4 22. g4 g5 23. Kf1 Rhd8 24. f4 gxf4 25. exf4 Ng6 26. f5 Nf4 27. fxe6 fxe6 28. Re3 Rf8 29. Bf3 Nxh3 30. Rxe6+ Kd8 31. R1e2 Rxf3+ 32. Kg2 Rxe2+ 33. Rxe2 Rg3+ 34. Kh2 Nf4 35. Rd2+ Kc7 36. a4 Rxg4 37. Rf2 h3 38. Rf3 Kd6 39. Re3 Rg2+ 40. Kh1 Re2 0-1


[Site "https://www.chess.com"]

[Event "Titled Tuesday Blitz August 31 2021"]
[White "Miszler, Levente"]
[Black "Pert, Richard G"]
[WhiteFideId "763276"]
[BlackFideId "404748"]
[WhiteElo "1967"]
[BlackElo "2441"]
[Result "1-0"]
[Round "04"]
[TimeControl "180+1"]
[Date "2021.08.31"]
[WhiteClock "0:01:51"]
[BlackClock "0:00:51"]

1. Nf3 c5 2. c4 g6 3. g3 Bg7 4. Bg2 Nc6 5. O-O Nf6 6. Nc3 O-O 7. d3 d5 8. cxd5 Nxd5 9. Nxd5 Qxd5 10. Be3 Qd6 11. Rc1 b6 12. d4 cxd4 13. Nxd4 Nxd4 14. Bxa8 Ba6 15. Bxd4 Bxd4 16. Bf3 Qf6 17. Rc7 h5 18. Rxa7 Bb5 19. Qb3 Be8 20. Rd1 Bc6 21. Bxc6 Qxf2+ 22. Kh1 Qxe2 23. Qf3 Qxb2 24. Rxe7 Bc5 25. Rxf7 Rxf7 26. Bd5 Qg7 27. Rf1 1-0


[Site "https://www.chess.com"]

[Event "Titled Tuesday Blitz August 31 2021"]
[White "Mokshanov, Alexey"]
[Black "Sokolin, Leonid"]
[WhiteFideId "24121657"]
[BlackFideId "2009161"]
[WhiteElo "2262"]
[BlackElo "2394"]
[Result "1-0"]
[Round "04"]
[TimeControl "180+1"]
[Date "2021.08.31"]
[WhiteClock "0:00:08"]
[BlackClock "0:00:01"]

1. e4 c5 2. Nf3 Nc6 3. Bb5 g6 4. Bxc6 bxc6 5. O-O Bg7 6. c3 Nf6 7. Re1 O-O 8. d4 d5 9. e5 Ne4 10. Nbd2 Bf5 11. Nxe4 dxe4 12. Nh4 cxd4 13. Nxf5 gxf5 14. cxd4 c5 15. Be3 cxd4 16. Bxd4 e6 17. Qd2 Qd5 18. Qe3 a5 19. f3 exf3 20. gxf3 Rfd8 21. Bc3 Qc4 22. Red1 f4 23. Qb6 Rd5 24. Rxd5 Qxd5 25. Qd4 Qxf3 26. Rf1 Qg4+ 27. Kh1 a4 28. Rxf4 Qe2 29. Rf2 Qb5 30. Rg2 Kh8 31. Qf4 Qb7 32. Kg1 Rg8 33. Rg3 Qd7 34. Qd4 Qxd4+ 35. Bxd4 Bf8 36. Rxg8+ Kxg8 37. Kf2 Kg7 38. Kf3 Kg6 39. Kf4 h5 40. Bc3 Bc5 41. b4 axb3 42. axb3 Bg1 43. h3 Bh2+ 44. Ke4 Bg1 45. b4 Bb6 46. b5 Kg5 47. Bd4 Bc7 48. Bf2 f5+ 49. exf6 Kxf6 50. b6 Bb8 51. Bh4+ Kg6 52. Bd8 e5 53. Bc7 1-0


[Site "https://www.chess.com"]

[Event "Titled Tuesday Blitz August 31 2021"]
[White "Molina, Roberto Junio Brito"]
[Black "Jakubowski, Krzysztof"]
[WhiteFideId "2109450"]
[BlackFideId "1112848"]
[WhiteElo "2402"]
[BlackElo "2414"]
[Result "1/2-1/2"]
[Round "04"]
[TimeControl "180+1"]
[Date "2021.08.31"]
[WhiteClock "0:00:10"]
[BlackClock "0:00:01"]

1. d4 Nf6 2. c4 e6 3. Nf3 Bb4+ 4. Bd2 a5 5. g3 d6 6. Bg2 Nbd7 7. O-O e5 8. Bg5 exd4 9. Nxd4 h6 10. Bf4 O-O 11. Qc2 Re8 12. Nc3 c6 13. Rad1 Ne5 14. b3 Qe7 15. Na4 Ng6 16. Bd2 Qc7 17. Nf5 Rxe2 18. Ne3 Ne5 19. Kh1 Neg4 20. Nxg4 Nxg4 21. Kg1 Ne5 22. Nc3 Bxc3 23. Qxc3 Bf5 24. Bf4 Re8 25. Rd2 Rxd2 26. Qxd2 Re6 27. Rd1 g5 28. Bxe5 dxe5 29. Qd8+ Qxd8 30. Rxd8+ Kg7 31. Rd7 b5 32. cxb5 cxb5 33. Bd5 Rf6 34. Rb7 Bh3 35. f3 b4 36. Kf2 g4 37. Ke3 gxf3 38. Bxf3 Rd6 39. Rb5 Kf6 40. Rxa5 Rd4 41. Ra6+ Be6 42. h4 Rd8 43. g4 Rc8 44. Bd5 Rc3+ 45. Ke4 Rg3 46. Bxe6 fxe6 47. g5+ hxg5 48. hxg5+ Rxg5 49. Kf3 Rf5+ 50. Ke3 Rh5 51. Ke4 Rh4+ 52. Kd3 Kf5 53. Rb6 Rd4+ 54. Ke3 Re4+ 55. Kd3 Rh4 56. Ke3 Rh3+ 57. Ke2 Rh2+ 58. Ke3 Rxa2 59. Rxb4 Rb2 60. Rb8 Rb1 61. Rf8+ Kg6 62. Ke4 Rxb3 63. Kxe5 Re3+ 64. Kd4 Re1 65. Kd3 Kg5 66. Kd2 Re5 67. Rf1 Kg4 68. Kd3 Kg3 69. Rf6 Kg2 70. Kd4 Re1 71. Kd3 Re5 72. Kd4 Re1 73. Kd3 Re5 1/2-1/2


[Site "https://www.chess.com"]

[Event "Titled Tuesday Blitz August 31 2021"]
[White "Mortazavi, Ali"]
[Black "Buscar, Michael"]
[WhiteFideId "401323"]
[BlackFideId "2603616"]
[WhiteElo "2339"]
[BlackElo "2010"]
[Result "0-1"]
[Round "04"]
[TimeControl "180+1"]
[Date "2021.08.31"]
[WhiteClock "0:00:03"]
[BlackClock "0:00:07"]

1. Nf3 Nf6 2. g3 g6 3. Bg2 Bg7 4. O-O O-O 5. d3 d6 6. e4 e5 7. Nc3 Nc6 8. a4 a5 9. h3 h6 10. Be3 Be6 11. d4 exd4 12. Nxd4 Bc4 13. Re1 Re8 14. Qd2 Kh7 15. b3 Ba6 16. Rad1 Nd7 17. Ndb5 Nf8 18. Nd5 Ne6 19. f4 Ne7 20. f5 Nxd5 21. exd5 Nc5 22. fxg6+ fxg6 23. Bd4 Bxb5 24. axb5 Qg5 25. Qxg5 hxg5 26. Bxg7 Kxg7 27. Bf3 b6 28. Kg2 Kf7 29. Rf1 Re5 30. Bg4+ Kg7 31. Rf2 Rf8 32. Bf3 Ref5 33. Rd4 R8f7 34. Rf1 Nd7 35. Be2 Ne5 36. Rxf5 gxf5 37. Rd1 f4 38. gxf4 gxf4 39. Kf2 Kf6 40. Bg4 Kg5 41. Be6 Rh7 42. Rg1+ Kf6 43. Rg8 Rg7 44. Rf8+ Kg5 45. Rc8 Ng6 46. Kf3 Nh4+ 47. Kf2 Kf6 48. Bg4 Ke5 49. c4 Kd4 0-1


[Site "https://www.chess.com"]

[Event "Titled Tuesday Blitz August 31 2021"]
[White "Najdin, Danil"]
[Black "Trent, Lawrence"]
[WhiteFideId "4172426"]
[BlackFideId "408638"]
[WhiteElo "2193"]
[BlackElo "2474"]
[Result "1-0"]
[Round "04"]
[TimeControl "180+1"]
[Date "2021.08.31"]
[WhiteClock "0:00:44"]
[BlackClock "0:00:18"]

1. e4 e6 2. d4 d5 3. Nd2 a6 4. Ngf3 c5 5. exd5 exd5 6. c4 cxd4 7. Nxd4 Nf6 8. Be2 dxc4 9. Nxc4 Bb4+ 10. Bd2 Bxd2+ 11. Qxd2 O-O 12. O-O b5 13. Bf3 Ra7 14. Ne5 Qd6 15. Rfe1 Re7 16. Qf4 Rfe8 17. Rac1 Nbd7 18. Ndc6 Re6 19. Red1 Qf8 20. Ng4 h5 21. Nxf6+ Nxf6 22. h3 g6 23. Qc7 Kg7 24. Nd8 R6e7 25. Qxc8 Kh6 26. Qxa6 Rxd8 27. Qxf6 Rxd1+ 28. Rxd1 Re6 29. Rd8 1-0


[Site "https://www.chess.com"]

[Event "Titled Tuesday Blitz August 31 2021"]
[White "Nilsen, Tobias Lang"]
[Black "Schmakel, Sam"]
[WhiteFideId "1521624"]
[BlackFideId "2039311"]
[WhiteElo "1975"]
[BlackElo "2356"]
[Result "0-1"]
[Round "04"]
[TimeControl "180+1"]
[Date "2021.08.31"]
[WhiteClock "0:00:23"]
[BlackClock "0:00:11"]

1. e4 e5 2. Nf3 Nc6 3. Bb5 Nf6 4. O-O Nxe4 5. Re1 Nd6 6. Nxe5 Be7 7. Bf1 Nxe5 8. Rxe5 O-O 9. d4 Bf6 10. Re1 Re8 11. Rxe8+ Nxe8 12. c4 d5 13. Be3 dxc4 14. Bxc4 Nd6 15. Bb3 Nf5 16. Nc3 Bxd4 17. Nd5 Bxe3 18. Nxe3 Nd4 19. Bd5 c5 20. Rc1 Ne6 21. Qb3 Rb8 22. Qa4 a6 23. Qe4 b6 24. Rd1 Qf6 25. b3 Bd7 26. Nc4 Nd4 27. Ne5 Be6 28. Bc4 b5 29. Bf1 Re8 30. Ng4 Qf5 31. Qxf5 Bxf5 32. Ne3 Be6 33. Rc1 Rc8 34. f3 f6 35. Kf2 Kf7 36. Nd1 g5 37. Nc3 Ke7 38. Ne4 c4 39. bxc4 Bxc4 40. Ke3 Ne6 41. Bxc4 Rxc4 42. Rxc4 bxc4 43. Nc5 Nxc5 44. Kd4 Kd6 45. Kxc4 Ne6 46. g3 h5 47. Kd3 Kd5 48. a3 Nd4 49. f4 g4 50. Ke3 Nf5+ 51. Kd3 Nd6 52. a4 f5 53. Kc3 a5 54. Kd3 Nc4 55. Kc3 Nb6 56. Kb3 Kd4 57. Kb2 Nxa4+ 58. Ka3 Nc5 59. Kb2 Ke3 60. Kc2 a4 61. Kd1 a3 62. Ke1 a2 63. Kf1 a1=Q+ 64. Kg2 Qb2+ 65. Kf1 Qf2# 0-1


[Site "https://www.chess.com"]

[Event "Titled Tuesday Blitz August 31 2021"]
[White "Ohanyan, Emin"]
[Black "Kozak, Antoni"]
[WhiteFideId "13312022"]
[BlackFideId "21832030"]
[WhiteElo "1809"]
[BlackElo "2289"]
[Result "0-1"]
[Round "04"]
[TimeControl "180+1"]
[Date "2021.08.31"]
[WhiteClock "0:00:07"]
[BlackClock "0:00:14"]

1. e4 c6 2. Nc3 d5 3. Nf3 a6 4. d4 Bg4 5. h3 Bxf3 6. Qxf3 e6 7. Be2 Nf6 8. Qd3 dxe4 9. Nxe4 Nxe4 10. Qxe4 Nd7 11. c3 Bd6 12. O-O O-O 13. Bd3 Nf6 14. Qh4 Be7 15. Re1 g6 16. Bh6 Re8 17. Qg3 Bf8 18. Bg5 Be7 19. Qh4 Nd5 20. Bxe7 Qxe7 21. Qg4 h5 22. Qf3 Qf6 23. Be4 Qxf3 24. Bxf3 Kg7 25. Kf1 Red8 26. a4 a5 27. Ra3 h4 28. Rb3 Rab8 29. Re4 g5 30. Re5 Kf6 31. c4 Ne7 32. Rxa5 Rxd4 33. Ra7 Rxc4 34. a5 Nf5 35. Rbxb7 Rxb7 36. Rxb7 Nd4 37. Bd1 Rc1 38. Ke1 Ra1 39. Ra7 c5 40. Ra8 Ke5 41. Kd2 Ra2 42. Kc3 Ra1 43. Kd2 Ra2 44. a6 Rxb2+ 45. Kc3 Ra2 46. Kc4 Ra5 0-1


[Site "https://www.chess.com"]

[Event "Titled Tuesday Blitz August 31 2021"]
[White "Pajeken, Jakob Leon"]
[Black "Goltsev, Dmitry"]
[WhiteFideId "12942839"]
[BlackFideId "24176710"]
[WhiteElo "2231"]
[BlackElo "2369"]
[Result "0-1"]
[Round "04"]
[TimeControl "180+1"]
[Date "2021.08.31"]
[WhiteClock "0:00:03"]
[BlackClock "0:00:56"]

1. d4 Nf6 2. Nf3 e6 3. Bf4 d5 4. e3 c5 5. c3 Nc6 6. Nbd2 Bd6 7. Bg3 a6 8. Bd3 b5 9. Qe2 c4 10. Bc2 b4 11. e4 Be7 12. e5 Nh5 13. h4 Nxg3 14. fxg3 Rb8 15. O-O bxc3 16. bxc3 Rb2 17. Rfc1 Ba3 18. Ng5 h6 19. Qh5 g6 20. Bxg6 fxg6 21. Qxg6+ Kd7 22. Qg7+ Qe7 23. Qxh8 Rxd2 24. Rf1 hxg5 25. Qg8 Nd8 26. h5 Bb2 27. Rad1 Bxc3 28. Rxd2 Bxd2 29. Rd1 c3 30. Qg6 Qf7 31. Qd3 Qf5 32. Qe2 c2 33. Qxd2 cxd1=Q+ 34. Qxd1 Ke8 35. h6 Qg6 36. Qa4+ Bd7 37. Qxa6 Qxh6 38. Qe2 Qg6 39. Qb2 Nc6 40. a4 Qd3 41. Qc1 Qxd4+ 42. Kh2 Qxe5 43. Qf1 Qh8+ 44. Kg1 Qd4+ 45. Kh2 Qxa4 46. Qf6 Qd4 47. Qxg5 Qe5 48. Qg8+ Ke7 49. Qh7+ Kd6 50. Qg8 d4 51. Qf8+ Kc7 52. Qa3 Qd5 53. Kg1 d3 54. Qc1 d2 55. Qd1 Nb4 56. Kf2 Qd3 0-1


[Site "https://www.chess.com"]

[Event "Titled Tuesday Blitz August 31 2021"]
[White "Perera Alfonso, Rene Humberto"]
[Black "Papasimakopoulos, Alexandros"]
[WhiteFideId "3514722"]
[BlackFideId "4244125"]
[WhiteElo "2313"]
[BlackElo "2352"]
[Result "1-0"]
[Round "04"]
[TimeControl "180+1"]
[Date "2021.08.31"]
[WhiteClock "0:00:33"]
[BlackClock "0:00:09"]

1. e4 e6 2. d4 d5 3. Nc3 Bb4 4. e5 b6 5. Qg4 Bf8 6. Bd2 Ne7 7. Bd3 Ba6 8. Qe2 Bxd3 9. Qxd3 c5 10. Nce2 Nbc6 11. c3 c4 12. Qc2 h5 13. Nf3 Nf5 14. O-O h4 15. h3 Be7 16. Rfe1 b5 17. Nh2 a5 18. Ng4 b4 19. b3 bxc3 20. Bxc3 cxb3 21. axb3 O-O 22. Qd2 Qb6 23. Rab1 Bb4 24. Bxb4 Qxb4 25. Qg5 Ncxd4 26. Nxd4 Qxd4 27. Rec1 Rfc8 28. Nf6+ Kh8 29. Qh5+ Nh6 30. Ng4 Qf4 31. Rxc8+ Rxc8 32. Nxh6 gxh6 33. Re1 Kg7 34. Qe2 Rc3 35. Qb5 Rc1 36. Qxa5 d4 37. Rxc1 Qxc1+ 38. Kh2 d3 39. Qd8 Qf4+ 40. Kg1 d2 41. Kf1 Kh7 42. Qd3+ Kg7 43. Ke2 Qxe5+ 44. Kxd2 Qb2+ 45. Ke3 Qe5+ 46. Qe4 Qc3+ 47. Qd3 Qe1+ 48. Kf3 h5 49. Qd4+ f6 50. Qd7+ Kh6 51. Qd3 Qb4 52. Ke2 e5 53. Qd2+ 1-0


[Site "https://www.chess.com"]

[Event "Titled Tuesday Blitz August 31 2021"]
[White "Pichot, Alan"]
[Black "Nasuta, Grzegorz"]
[WhiteFideId "110973"]
[BlackFideId "1141686"]
[WhiteElo "2622"]
[BlackElo "2320"]
[Result "1-0"]
[Round "04"]
[TimeControl "180+1"]
[Date "2021.08.31"]
[WhiteClock "0:01:25"]
[BlackClock "0:00:14"]

1. e4 e5 2. Nf3 Nc6 3. Bc4 Bc5 4. c3 Nf6 5. d4 exd4 6. e5 d5 7. Bb5 Ne4 8. cxd4 Bb6 9. Nc3 Bg4 10. Be3 O-O 11. h3 Bh5 12. Qc2 Nxc3 13. bxc3 f6 14. exf6 Qxf6 15. Be2 Rae8 16. O-O h6 17. Rae1 Re6 18. Nh2 Bxe2 19. Rxe2 Ne7 20. Ng4 Qf5 21. Qb3 Ng6 22. Rfe1 Kh7 23. Qb1 Qxb1 24. Rxb1 c6 25. a4 Rf7 26. Reb2 Ree7 27. g3 Ba5 28. Rc2 a6 29. h4 h5 30. Nh2 b5 31. Kg2 Rb7 32. Ra1 Bd8 33. Nf3 Kg8 34. axb5 axb5 35. Ra8 Rf8 36. Rca2 Bf6 37. R8a6 Rc8 38. Ne1 Nf8 39. Nd3 Nd7 40. Nb4 Nb6 41. Bf4 Be7 42. Nd3 Nc4 43. Ra8 Rxa8 44. Rxa8+ Kf7 45. Rc8 Rb6 46. Rc7 Ke6 47. Bg5 Bxg5 48. hxg5 Ra6 49. Nc5+ 1-0


[Site "https://www.chess.com"]

[Event "Titled Tuesday Blitz August 31 2021"]
[White "Polivanov, Anatoliy"]
[Black "Tokman, Ariel"]
[WhiteFideId "14109468"]
[BlackFideId "117420"]
[WhiteElo "2472"]
[BlackElo "2345"]
[Result "1-0"]
[Round "04"]
[TimeControl "180+1"]
[Date "2021.08.31"]
[WhiteClock "0:00:01"]
[BlackClock "0:00:03"]

1. d4 d6 2. Bg5 Nd7 3. e4 Ngf6 4. Nc3 e5 5. Nge2 Be7 6. Qd2 c6 7. O-O-O O-O 8. f3 b5 9. Ng3 b4 10. Nce2 d5 11. Nf5 Bb7 12. dxe5 Nxe5 13. Ned4 c5 14. Nxe7+ Qxe7 15. Nf5 Qe6 16. Qf4 Ng6 17. Qd6 dxe4 18. Qxe6 fxe6 19. Nd6 Bd5 20. fxe4 Nxe4 21. Nxe4 Bxe4 22. Bc4 Rae8 23. Rhe1 Bf5 24. h3 h6 25. Be3 Ne5 26. Bb3 Rc8 27. g4 c4 28. Ba4 Bg6 29. Bxa7 Nf3 30. Rxe6 Ra8 31. Rxg6 Rxa7 32. Bc6 Ne5 33. Bd5+ Kh7 34. Re6 Nf3 35. Be4+ Kh8 36. Kb1 Ng5 37. Re5 Nxe4 38. Rxe4 Rfa8 39. a3 bxa3 40. b3 cxb3 41. cxb3 Rb7 42. Ka2 Rc8 43. Re2 Rc3 44. Red2 Rxh3 45. Rd8+ Kh7 46. R8d3 Rh2+ 47. R1d2 Rh1 48. Rd1 Rh2+ 49. R1d2 Rh4 50. Rd4 Rh3 51. R4d3 Rh1 52. Rd1 Rxd1 53. Rxd1 Rb4 54. Kxa3 Rxg4 55. b4 h5 56. b5 Rg6 57. Rd5 Kh6 58. Rc5 Rg1 59. Rc6+ g6 60. b6 h4 61. Ka4 Rb1 62. Rc4 Ra1+ 63. Kb5 Rb1+ 64. Rb4 Rc1 65. b7 Kg5 66. b8=Q 1-0


[Site "https://www.chess.com"]